 Dungeon Crawl Stone Soup version 0.31-a0-188-g5e087ee2ca (webtiles) character file.

Game seed: 15730498664729221318

143 qw the Skirmisher (level 5, -3/29 HPs)
             Began as a Deep Elf Hunter on June 23, 2023.
             Slain by Grinder (6 damage)
             ... on level 3 of the Dungeon.
             The game lasted 00:00:42 (1922 turns).

qw the Skirmisher (Deep Elf Hunter)                 Turns: 1922, Time: 00:00:43

Health: -3/29      AC:  6    Str: 10    XL:     5   Next: 4%
Magic:  7/7        EV:  9    Int: 14    God:
Gold:   169        SH:  0    Dex: 18    Spells: 4/4 levels left

rFire   . . .        Y - +0 shortbow
rCold   . . .        (shield currently unavailable)
rNeg    . . .        h - +0 scale mail
rPois   .            (no helmet)
rElec   .            (no cloak)
rCorr   .            (no gloves)
SInv    .            (no boots)
Will    .....        e - amulet of faith
Stlth   +            (no ring)
HPRegen 0.24/turn    (no ring)
MPRegen 0.10/turn

%: faith
@: no status effects
A: no striking features
a: no special abilities


You were on level 3 of the Dungeon.
You visited 1 branch of the dungeon, and saw 3 of its levels.

You collected 169 gold pieces.


   Skills:
 - Level 1.5 Fighting
 + Level 8.4 Ranged Weapons
 - Level 2.4 Dodging
 - Level 1.2 Stealth


You had 4 spell levels left.
You didn't know any spells.
Your spell library was empty.

Inventory:

Hand Weapons
 Y - a +0 shortbow (weapon)
Armour
 g - a +1 helmet
 h - a +0 scale mail (worn)
 l - a +0 ring mail
Jewellery
 e - an amulet of faith (around neck)
Scrolls
 a - 2 scrolls of identify
 c - a scroll of amnesia {unknown}
 f - a scroll of enchant weapon {unknown}
 k - a scroll of acquirement {unknown}
Potions
 b - a potion of heal wounds {unknown}
 d - a potion of attraction {unknown}
 i - 3 potions of curing
 j - a potion of brilliance {unknown}

Dungeon Overview and Level Annotations

Branches:
Dungeon (3/15)

Altars:
Ru

Annotations:
D:2 1 runed translucent door, Crazy Yiuf
D:3 Grinder, Jessica


Message History

Enter note:
Enter note:
Enter note: You shoot an arrow.
The arrow barely misses the goblin.
You shoot an arrow.
The arrow hits the goblin but does no damage.
The goblin hits you but does no damage.
You shoot an arrow. The arrow closely misses the goblin.
The arrow hits Grinder.
Grinder is lightly wounded.
The goblin barely misses you.
You shoot an arrow. The arrow hits the goblin!
You kill the goblin!
Grinder gestures at you.
You suddenly lose the ability to move!
You can move again.
You shoot an arrow. The arrow hits Grinder!
Grinder is moderately wounded.
Jessica the Apprentice Sorceress comes into view.
She is wielding a +0 dagger.
Grinder hits you.
Jessica moves out of view.
You shoot an arrow.
The arrow hits Grinder but does no damage.
Grinder is moderately wounded.
Grinder hits you but does no damage.
You shoot an arrow.
Jessica shouts!
The arrow hits Grinder.
Grinder is moderately wounded.
Jessica gestures wildly while chanting.
Jessica seems to speed up.
Grinder hits you!
You writhe in agony.
You shoot an arrow. The arrow hits Grinder!
Grinder is heavily wounded.
Grinder hits you!
A goblin comes into view. It is wielding a +0 dagger.
You shoot an arrow. The arrow closely misses Grinder.
The goblin shouts!
The arrow hits Jessica.
Jessica is severely wounded.
Jessica mumbles some strange words.
Jessica blinks!
Grinder hits you.
You writhe in agony.
You die...

#### ####. g.... ##.#
#ยค... ...# #.... #..#
##### #....# #..#
#.... ##.?... ...
#.### ......5#####.#
#.# ...@...@..##.# #.#
##...........#######.#
##.#.###.#..........#
# #.......############
#####%###########...
#.........%...##
###############


You could see Grinder, Jessica (fast) and a goblin.

Vanquished Creatures
  6 gnolls
  3 adders
  3 ball pythons
  8 bats
  6 endoplasms
  3 giant cockroaches
  3 goblins
  7 hobgoblins
  3 kobolds (D:1)
  5 quokkas
  4 frilled lizards
  4 rats
55 creatures vanquished.

Notes
Turn   | Place    | Note
-------+----------+-------------------------------------------
     0 | D:1      | qw the Deep Elf Hunter began the quest for the Orb.
     0 | D:1      | Reached XP level 1. HP: 12/12 MP: 3/3
     0 | D:1      | 0 ||| qw: Version: 0.3-a-9-g12657ce
     0 | D:1      | 0 ||| qw: Game counter: 3086
     0 | D:1      | 0 ||| qw: Always use a shield: true
     0 | D:1      | 0 ||| qw: God list: Okawaru
     0 | D:1      | 0 ||| qw: Allow faded altars: false
     0 | D:1      | 0 ||| qw: Do Orc after D:15 true
     0 | D:1      | 0 ||| qw: Do second Lair branch before Depths: true
     0 | D:1      | 0 ||| qw: Lair rune preference: random
     0 | D:1      | 0 ||| qw: Plans: Normal
     0 | D:1      | 0 ||| PLANNING D:1-11
   134 | D:1      | Reached XP level 2. HP: 16/16 MP: 4/4
   136 | D:1      | Reached skill level 6 in Ranged Weapons
   195 | D:1      | Found a faded altar of an unknown god.
   590 | D:1      | 590 ||| UPGRADING to +0 scale mail.
   600 | D:1      | 600 ||| DROPPING +0 leather armour.
   601 | D:1      | 601 ||| UPGRADING to amulet of faith.
   606 | D:1      | 606 ||| READING scroll labelled CUIJUTU HUORERCH.
   607 | D:1      | 607 ||| READING scroll labelled YSTRYVVE VOWA.
   608 | D:1      | 608 ||| READING scroll labelled WARAXZ GOTUATZ.
   609 | D:1      | 609 ||| DROPPING scroll of butterflies.
   654 | D:2      | Reached XP level 3. HP: 8/20 MP: 5/5
   655 | D:2      | Reached skill level 7 in Ranged Weapons
   777 | D:2      | Found a sacrificial altar of Ru.
   869 | D:2      | Found a runed translucent door.
   870 | D:2      | Noticed Crazy Yiuf
   943 | D:2      | Reached XP level 4. HP: 25/25 MP: 6/6
  1485 | D:2      | 1485 ||| DRINKING 4 inky potions.
  1486 | D:2      | 1486 ||| READING 2 scrolls of identify.
  1486 | D:2      | 1486 ||| IDENTIFYING viscous clear potion
  1487 | D:2      | 1487 ||| DROPPING potion of lignification.
  1654 | D:3      | Reached skill level 8 in Ranged Weapons
  1693 | D:3      | Identified the +2 mace of Hagostrat {protect, +Blink Will+
                  | Dex-2}
  1872 | D:3      | Reached XP level 5. HP: 29/29 MP: 7/7
  1912 | D:3      | Noticed Grinder
  1916 | D:3      | Paralysed by Grinder for 2 turns
  1918 | D:3      | Noticed Jessica
  1921 | D:3      | HP: 7/29 [Grinder (7)]
  1922 | D:3      | HP: 3/29 [Grinder (4)]
  1922 | D:3      | Slain by Grinder

Levels and vault maps discovered:
D:1:      amcnicky_arrival_blooded_trapdoor, layout_basic,
          shapermc_ecumenical_altar_mp_highgroup, minmay_misc_feat_tower
D:2:      layout_loops_ring, basic_altar, uniq_crazy_yiuf_cottage
D:3:      layout_loops_ring, lemuel_zombie_altar_yredelemnul, uniq_terence,
          uniq_grinder, uniq_natasha, uniq_jessica

Skill      XL: |  1  2  3  4 |
---------------+-------------+-----
Ranged Weapons | 6 7 8 |  8.4
Fighting       | |  1.5
Dodging        | |  2.4
Stealth        | |  1.2

Action                     |  1- 3 |  4- 6 || total
---------------------------+-------+-------++-------
   Fire: Shortbow          |    87 |    83 ||   170
    Use: Scroll            |     3 |     1 ||     4
         Potion            |       |     1 ||     1
 Armour: Leather armour    |     7 |       ||     7
         Scale mail        |     9 |    19 ||    28
  Dodge: Dodged            |    25 |    17 ||    42

Table legend:
 A = Non-vault XP
 B = Vault XP
 C = Vault XP percentage of total XP
 D = Non-vault monster count
 E = Vault monster count
 F = Vault count percentage of total count
                 A         B        C        D         E       F
            +---------+---------+-------+---------+---------+-------
      Total |     205 |       0 |   0.0 |      55 |       0 |   0.0
            +---------+---------+-------+---------+---------+-------
        D:1 |      29 |       0 |   0.0 |      18 |       0 |   0.0
        D:2 |      92 |       0 |   0.0 |      25 |       0 |   0.0
        D:3 |      84 |       0 |   0.0 |      12 |       0 |   0.0
            +---------+---------+-------+---------+---------+-------
